 Dungeon Crawl Stone Soup version 0.29.1-2-gbd0b4ee654 (webtiles) character file.

Game seed: 6203024488838728840

1871 qeuew the Chopper (level 9, -3/79 HPs)
             Began as a Hill Orc Fighter on Nov 14, 2022.
             Was an Initiate of Gozag.
             Slain by an orc warrior
             ... wielding a +0 trident
              (10 damage)
             ... in a bailey.
             The game lasted 00:06:26 (6787 turns).

qeuew the Chopper (Hill Orc Fighter)                Turns: 6787, Time: 00:06:30

Health: -3/79      AC: 10    Str: 19    XL:     9   Next: 13%
Magic:  9/9        EV:  6    Int: 12    God:    Gozag
Gold:   468        SH: 19    Dex: 17    Spells: 8/8 levels left

rFire   . . .      SeeInvis .   c - +0 war axe (elec)
rCold   . . .      Faith    .   q - +4 tower shield of the End {Int+4}
rNeg    . . .      Spirit   .   b - +0 scale mail
rPois   .          Reflect  .   (no helmet)
rElec   .          Harm     .   (no cloak)
rCorr   .          Rampage  .   n - +1 pair of gloves {Dex+3}
Will    .....                   (no boots)
Stlth   ..........              (no amulet)
HPRegen 0.23/turn               e - +4 ring of slaying
MPRegen 0.11/turn               j - ring of flight

@: flying
A: no striking features
a: Renounce Religion, Potion Petition, Call Merchant, Bribe Branch


You were in a bailey.
You worshipped Gozag.
Gozag was aware of your devotion.
You visited 2 branches of the dungeon, and saw 8 of its levels.
You also visited: Bailey.

You collected 741 gold pieces.
You spent 199 gold pieces at shops.
You paid 74 gold pieces to Gozag.

Inventory:

Hand Weapons
 c - a +0 war axe of electrocution (weapon)
Armour
 b - a +0 scale mail (worn)
 n - a +1 pair of gloves of dexterity (worn)
 q - the +4 tower shield of the End (worn) {Int+4}
   (You bought it in a shop on level 5 of the Dungeon)

   Int:       It affects your intelligence (+4).
Jewellery
 e - a +4 ring of slaying (left hand)
 j - a ring of flight (right hand)
Wands
 o - a wand of flame (20)
 p - a wand of quicksilver (9)
Scrolls
 d - 3 scrolls of teleportation
 g - 2 scrolls of magic mapping
 k - a scroll of brand weapon
 l - 2 scrolls of identify
 m - a scroll of amnesia
Potions
 a - a potion of ambrosia {unknown}
 f - a potion of mutation
 h - 4 potions of curing
 i - a potion of haste {unknown}
 r - a potion of resistance {unknown}


   Skills:
 + Level 7.5 Fighting
 + Level 7.7 Axes
 + Level 6.9 Armour
 + Level 7.0 Shields
 + Level 2.7 Evocations


You had 8 spell levels left.
You didn't know any spells.
Your spell library contained the following spells:

 Spells                   Type           Power      Damage    Failure   Level
 Apportation              Tloc           0%         N/A       100%        1
 Necrotise                Necr           0%         1d4       100%        1
 Summon Small Mammal      Summ           0%         N/A       100%        1
 Vampiric Draining        Necr           0%         2d6       100%        3
 Agony                    Necr           0%         N/A       100%        5
 Dispersal                Tloc           0%         N/A       100%        6
 Disjunction              Tloc           0%         N/A       100%        8


Dungeon Overview and Level Annotations

Branches:
Dungeon (7/15)             Temple (1/1) D:4          Bailey (1/1)

Altars:
Cheibriados
Gozag
Hepliaklqana
Kikubaaqudgha
Makhleb
Nemelex Xobeh
Okawaru
Qazlal
Ru
Sif Muna
Uskayaw
Vehumet
Wu Jian
Xom
Yredelemnul
The Shining One

Shops:
D:3 ((   D:5 [!=

Annotations:
D:4 1 runed translucent door, Crazy Yiuf


Message History

The orc warrior hits you with a +0 halberd!
You hit the orc warrior.
The orc warrior is lightly wounded.
The orc warrior is no longer distracted by gold.
You block the orc warrior's attack.
The orc warrior hits you with a +0 halberd.
You slash the orc warrior!
The orc warrior is moderately wounded.
You block the orc warrior's attack.
The orc warrior hits you with a +0 halberd!
The orc warrior hits you from afar with a +0 trident!
You block the orc warrior's attack.
You are too injured to fight recklessly!
You are too injured to fight recklessly!
You are too injured to fight recklessly!
You are too injured to fight recklessly!
You are too injured to fight recklessly!
You are too injured to fight recklessly!
You are too injured to fight recklessly!
You are too injured to fight recklessly!
You are too injured to fight recklessly!
You are too injured to fight recklessly!
You are too injured to fight recklessly!
You are too injured to fight recklessly!
You are too injured to fight recklessly!
You are too injured to fight recklessly!
You are too injured to fight recklessly!
The orc warrior hits you with a +0 trident.
The orc warrior hits you with a +0 halberd.
You barely miss the orc warrior. You hit the orc warrior.
You block the orc warrior's attack. x2
You slash the orc warrior!
The orc warrior is moderately wounded.
You hit the orc warrior but do no damage.
You block the orc warrior's attack. x2
The orc warrior hits you with a +0 halberd!
* * * LOW HITPOINT WARNING * * *
The orc warrior hits you with a +0 trident!
You die...
Your body crumbles into a pile of gold.

#≈≈..≈≈.≈≈≈...≈≈≈)≈.≈≈.#
#≈≈⌠).≈≈..≈≈≈≈≈.)≈≈.≈.##
##≈≈...≈≈≈.....≈≈≈)≈≈.#
##≈≈....≈≈≈≈≈≈≈).≈≈..#
##≈..≈≈......)≈≈≈)⌠.#
#≈...≈≈≈≈≈≈≈≈≈....##
#≈............#####..
####'##########⌠.....
#$...........@o......
##.....$$..$.o.......
##≈≈≈≈≈≈≈≈≈≈≈≈≈≈≈≈≈#
###################


You could see 2 orc warriors.

Vanquished Creatures
  Edmund (D:5)
  2 black bears
  2 orc warriors (Bailey)
  A sky beast (D:6)
  An ogre (D:4)
  4 centaurs (Bailey)
  A phantom (D:4)
  Blork the orc (D:5)
  2 bullfrogs
  A necrophage (D:6)
  2 scorpions
  A howler monkey (D:5)
  2 jellies
  An orc priest (D:4)
  4 iguanas
  9 adders
  4 gnolls (D:4)
  2 worms
  A dart slug (D:4)
  20 orcs
  7 endoplasms
  A giant cockroach (D:1)
  13 goblins
  3 hobgoblins
  4 quokkas
  4 ball pythons
  6 bats
  4 frilled lizards
  9 kobolds
  5 rats
118 creatures vanquished.

Vanquished Creatures (others)
  2 demonic plants (D:1)
2 creatures vanquished.

Grand Total: 120 creatures vanquished

Notes
Turn   | Place    | Note
-------+----------+-------------------------------------------
     0 | D:1      | qeuew the Hill Orc Fighter began the quest for the Orb.
     0 | D:1      | Reached XP level 1. HP: 19/19 MP: 1/1
   243 | D:1      | Reached XP level 2. HP: 27/27 MP: 2/2
   412 | D:1      | Found a faded altar of an unknown god.
   879 | D:1      | Reached XP level 3. HP: 33/33 MP: 3/3
  1512 | D:2      | Reached XP level 4. HP: 37/40 MP: 4/4
  1727 | D:2      | You fall into a shaft and drop 1 floor!
  1992 | D:3      | Found Fashruu's Weapon Shop.
  2079 | D:3      | Found Mivein's Weapon Boutique.
  2321 | D:3      | Found a faded altar of an unknown god.
  2325 | D:3      | Found a hide-covered altar of Uskayaw.
  2691 | D:4      | Reached XP level 5. HP: 47/47 MP: 5/5
  3217 | D:4      | Noticed a black bear
  3222 | D:4      | Reached skill level 5 in Fighting
  3222 | D:4      | Reached XP level 6. HP: 40/56 MP: 6/6
  3228 | D:4      | Killed a black bear
  3439 | D:4      | Reached skill level 5 in Axes
  3439 | D:4      | Reached skill level 5 in Shields
  3614 | D:4      | Reached skill level 5 in Armour
  3614 | D:4      | Reached XP level 7. HP: 36/61 MP: 7/7
  3957 | D:4      | Found a staircase to the Ecumenical Temple.
  3969 | Temple   | Entered the Ecumenical Temple
  4110 | Temple   | Became a worshipper of Gozag Ym Sagoz the Greedy
  4207 | D:4      | Found a runed translucent door.
  4208 | D:4      | Noticed Crazy Yiuf
  4384 | D:5      | Entered Level 5 of the Dungeon
  4407 | D:5      | Noticed Edmund
  4431 | D:5      | Killed Edmund
  4867 | D:5      | Found Zuzuag's Distillery.
  5050 | D:5      | Found Zuadodgha's Jewellery Shop.
  5105 | D:5      | Reached XP level 8. HP: 67/71 MP: 8/8
  5205 | D:5      | Found a hazy altar of Hepliaklqana.
  5299 | D:5      | Found Haikkom's Antique Armour Boutique.
  5302 | D:5      | Bought a brightly glowing tower shield for 199 gold pieces
  5302 | D:5      | Identified the +4 tower shield of the End {Int+4} (You
                  | bought it in a shop on level 5 of the Dungeon)
  5330 | D:5      | Noticed Blork the orc
  5341 | D:5      | Killed Blork the orc
  5619 | D:6      | Reached skill level 1 in Evocations
  5871 | D:6      | Found a glowing golden altar of the Shining One.
  5878 | D:6      | Found an ornate altar of the Wu Jian Council.
  5878 | D:6      | Found a basalt altar of Yredelemnul.
  5878 | D:6      | Found a snail-covered altar of Cheibriados.
  5880 | D:6      | Found a sparkling altar of Nemelex Xobeh.
  5883 | D:6      | Found a burning altar of Makhleb.
  6137 | D:7      | Found a flagged portal.
  6147 | Bailey   | Entered a bailey
  6443 | Bailey   | Reached XP level 9. HP: 50/79 MP: 9/9
  6787 | Bailey   | Slain by an orc warrior

Illustrated notes

Levels and vault maps discovered:
D:1:      lightli_arrival_statue_moat, layout_basic,
          shapermc_ecumenical_altar_gd, minmay_misc_feat_pillars
D:2:      layout_loops_corners
D:3:      layout_loops_ring, nicolae_overflow_ecumenical_swirl, serial_shops,
          nicolae_shop_temple_entry_statues_fountains,
          nicolae_shop_bloodbath_and_beyond
D:4:      layout_layer_cave, minmay_temple_entry_fiery,
          minmay_misc_feat_ornament, nrook_mini_backslash, nrook_uturn,
          uniq_crazy_yiuf_cottage
D:5:      layout_loops_ring, mainiacjoe_overflow_24_doors, serial_shops,
          kennysheep_mini_moat, nicolae_shop_behind_doors,
          nicolae_inconvenience_store, chequers_serial_rivers_marsh,
          st_stairs_6, uniq_blork_the_orc, uniq_edmund
D:6:      layout_cave_pools, minitemple
D:7:      layout_rooms, trog_ov_bears_minmay, fedhas_altar_4,
          gammafunk_ghost_icy, enter_bailey_3, serial_shops,
          nicolae_shop_statue_plus, uniq_joseph
Temple:   hellmonk_temple_flake
Bailey:   bailey_polearm_flooded_kennysheep, bailey

Skill      XL: |  1  2  3  4  5  6  7  8  9 |
---------------+----------------------------+-----
Axes           | 3 4 5 6 7 |  7.7
Fighting       | 4 5 6 7 |  7.5
Shields        | 4 5 6 7 |  7.0
Armour         | 4 5 6 |  6.9
Evocations     | 2 |  2.7

Action                   |  1- 3 |  4- 6 |  7- 9 || total
-------------------------+-------+-------+-------++-------
Melee: War axe           |   101 |   115 |   153 ||   369
  Use: Scroll            |     4 |     3 |     3 ||    10
       Potion            |     2 |       |     2 ||     4
Armor: Scale mail        |    40 |    64 |    65 ||   169
Dodge: Dodged            |    50 |    41 |    41 ||   132
Block: Buckler           |    26 |    25 |    18 ||    69
       Tower shield      |       |       |   147 ||   147
